 Dungeon Crawl Stone Soup version 0.25-a0-780-g622e69b31f (webtiles) character file.

Game seed: 9878025544991517211, levelgen mode: classic

24273 Amnesiac the Nimble (level 12, -4/83 HPs)
             Began as a Vampire Ice Elementalist on Apr 14, 2020.
             Was an Initiate of Gozag.
             Slain by an orc warrior
             ... wielding a +0 mace
              (8 damage)
             ... while paralysed by an orc sorcerer
             ... on level 2 of the Orcish Mines.
             The game lasted 00:43:10 (12468 turns).

Amnesiac the Nimble (Vampire Ice Elementalist)     Turns: 12468, Time: 00:43:11

Health: -4/83      AC: 10    Str:  7    XL:     12   Next: 79%
Magic:  4/23       EV:  2    Int: 22    God:    Gozag
Gold:   3922       SH:  0    Dex: 15    Spells: 8/26 levels left

rFire    . . .     SeeInvis +   a - +0 dagger
rCold    . . .     Gourm    .   i - +1 buckler
rNeg     . . .     Faith    .   A - +1 leather armour {rPois}
rPois    +         Spirit   .   E - +1 hat
rElec    .         Reflect  .   l - +2 cloak
rCorr    .         Harm     .   q - +0 pair of gloves
MR       +....                  C - +0 pair of boots
Stlth    ++++......             (no amulet)
HPRegen  0.43/turn              (no ring)
MPRegen  0.18/turn              (no ring)

@: paralysed, gold aura, frozen ramparts, regenerating quickly
A: no food, fangs 3, see invisible, unbreathing
a: Exsanguinate, Potion Petition, Call Merchant, Bribe Branch, Renounce Religion


You were on level 2 of the Orcish Mines.
You worshipped Gozag.
Gozag was most pleased with you.
You were alive.

You visited 2 branches of the dungeon, and saw 13 of its levels.

You collected 4016 gold pieces.
You paid 94 gold pieces to Gozag.

Inventory:

Hand Weapons
 a - a +0 dagger (weapon)
 b - the +5 war axe of Peppel {flame, *Slow Str+4 Int+3}
   (You found it on level 8 of the Dungeon)

   It has been specially enchanted to burn those struck by it, causing extra
   injury to most foes and up to half again as much damage against particularly
   susceptible opponents.
   Big, fiery blades are also staple armaments of hydra-hunters.
   It affects your strength (+4).
   It affects your intelligence (+3).
   It may slow you when you take damage.
Missiles
 c - 41 poisoned darts (quivered)
Armour
 i - a +1 buckler (worn)
 l - a +2 cloak (worn)
 q - a +0 pair of gloves (worn)
 A - a +1 leather armour of poison resistance (worn)
 C - a +0 pair of boots (worn)
 E - a +1 hat (worn)
Wands
 m - a wand of enslavement (3)
 p - a wand of acid (14)
 t - a wand of flame (17)
 v - a wand of digging (11)
 x - a wand of disintegration (5)
 y - a wand of scattershot (2)
 z - a wand of iceblast (5)
 G - a wand of random effects (11)
Scrolls
 d - 2 scrolls of identify {!r}
 e - 7 scrolls of remove curse {!r}
 n - 5 scrolls of magic mapping {!r}
 u - 4 scrolls of enchant armour {!r}
 w - a scroll of silence {!r}
 B - 3 scrolls of fear {!r}
 D - a scroll of teleportation {!r}
 H - a scroll of blinking {!r}
Potions
 f - 2 potions of heal wounds {!q}
 g - 5 potions of curing {!q}
 j - a potion of magic {!q}
 k - 2 potions of cancellation {!q}
 o - a potion of resistance {!q}
 r - 3 potions of brilliance {!q}
 s - a potion of berserk rage {!q}
 F - a potion of stabbing {!q}
 I - a potion of might {!q}
 J - a potion of haste {!q, unknown}
Miscellaneous
 h - a box of beasts


   Skills:
 - Level 4.0 Fighting
 - Level 8.0 Short Blades
 - Level 13.0 Dodging
 - Level 8.0 Stealth
 - Level 5.0 Shields
 + Level 7.6 Spellcasting
 * Level 11.6 Ice Magic
 - Level 4.0 Evocations


You had 8 spell levels left.
You knew the following spells:

 Your Spells              Type           Power        Failure   Level  Hunger
a - Freeze                Ice            ####         1%          1    N/A
b - Frozen Ramparts       Ice            ######       1%          3    N/A
c - Summon Ice Beast      Ice/Summ       ####....     11%         4    N/A
d - Hailstorm             Conj/Ice       ####....     11%         4    N/A
e - Spectral Weapon       Hex/Chrm       #.......     34%         3    N/A
z - Ozocubu's Armour      Chrm/Ice       ####....     3%          3    N/A

Your spell library contained the following spells:

 Spells                   Type           Power        Failure   Level  Hunger
 Infusion                 Chrm           #...         12%         1    N/A
 Sandblast                Erth           #.....       12%         1    N/A
 Passwall                 Tmut/Erth      #.......     19%         2    N/A
 Shroud of Golubria       Chrm/Tloc      #.....       19%         2    N/A
 Song of Slaying          Chrm           #.......     19%         2    N/A
 Stone Arrow              Conj/Erth      #.....       34%         3    N/A
 Petrify                  Tmut/Erth      #.......     75%         4    N/A
 Lee's Rapid Deconstruct  Erth           #.........   97%         5    N/A

Dungeon Overview and Level Annotations

Branches:
Dungeon (11/15)            Temple (0/1) D:6            Lair (0/6) D:11
    Orc (2/2) D:10            Elf (0/3) Orc:2

Altars:
Ashenzari
Cheibriados
Dithmenos
Elyvilon
Fedhas
Gozag
Kikubaaqudgha
Qazlal
Ru
Sif Muna
Vehumet
Zin
The Shining One

Shops:
D:4 %   D:11 (


Innate Abilities, Weirdness & Mutations

You do not eat.
Your natural rate of healing is unusually fast.
You have razor-sharp teeth.
You have supernaturally acute eyesight. (SInv)
You can survive without breathing.


Message History

You kill the orc!
The orc warrior throws a boomerang.
The boomerang hits you but does no damage.
The weapon returns to the orc warrior!
Things that are here:
7 gold pieces; a +0 mace; a +0 plate armour
Casting: Frozen Ramparts (safe; 1% risk of failure)
Confirm with . or Enter, or press ? or * to list all spells.
You can't see any susceptible monsters within range! (Use Z to cast anyway.)
Casting: Frozen Ramparts (safe; 1% risk of failure)
Confirm with . or Enter, or press ? or * to list all spells.
You can't see any susceptible monsters within range! (Use Z to cast anyway.)
The orc warrior hits you with a +0 mace!
Things that are here:
8 gold pieces; a +0 dagger; a +0 leather armour
Casting: Frozen Ramparts (safe; 1% risk of failure)
Confirm with . or Enter, or press ? or * to list all spells.
Aiming: Freeze (safe; 1% risk of failure)
Press: ? - help, Shift-Dir - straight line, f - orc warrior
Aim: an orc warrior, wielding a +0 mace, wearing a +0 chain mail and quivering 7 boomerangs (moderately wounded)
You freeze the orc warrior.
The orc warrior is moderately wounded.
You block the orc warrior's attack.
Casting: Freeze (safe; 1% risk of failure)
Confirm with . or Enter, or press ? or * to list all spells.
Aiming: Freeze (safe; 1% risk of failure)
Press: ? - help, Shift-Dir - straight line, f/p - orc warrior
Aim: an orc warrior, wielding a +0 mace, wearing a +0 chain mail and quivering 7 boomerangs (moderately wounded)
You freeze the orc warrior.
The orc warrior is heavily wounded.
The orc warrior hits you with a +0 mace!!
* * * LOW HITPOINT WARNING * * *
Casting: Freeze (safe; 1% risk of failure)
Confirm with . or Enter, or press ? or * to list all spells.
Aiming: Freeze (safe; 1% risk of failure)
Press: ? - help, Shift-Dir - straight line, f/p - orc warrior
Aim: an orc warrior, wielding a +0 mace, wearing a +0 chain mail and quivering 7 boomerangs (heavily wounded)
You freeze the orc warrior.
The orc warrior is heavily wounded.
The wall freezes the orc sorcerer!
You block the orc sorcerer's attack.
Casting: Freeze (safe; 1% risk of failure)
Confirm with . or Enter, or press ? or * to list all spells.
Aiming: Freeze (safe; 1% risk of failure)
Press: ? - help, Shift-Dir - straight line, f/p - orc warrior
Aim: an orc warrior, wielding a +0 mace, wearing a +0 chain mail and quivering 7 boomerangs (heavily wounded)
You freeze the orc warrior!
The orc warrior is severely wounded.
The orc warrior completely misses you.
The wall freezes the orc sorcerer!
The orc sorcerer casts a spell at you.
You suddenly lose the ability to move!
An orc comes into view. It is wielding a +0 club.
The orc warrior hits you but does no damage.
The wall freezes the orc sorcerer!
You kill the orc sorcerer!
The orc warrior hits you with a +0 mace!!
* * * LOW HITPOINT WARNING * * *
You hear a shout!
You are no longer corroded.
You hear a shout! x2; You hear a howl!
You hear a shout! x2
The wall freezes the orc!
You kill the orc!
The orc warrior hits you with a +0 mace!
You die...
Your body crumbles into a pile of gold.

##### ...oo.#### .oo.#
##...## #...o....##8.8# .
##.....## #........#o..#...
#.......####...$............
..........###.......4.......
....8.......###.....8.8.....
........))....###.........# #
#.......##))...$##.......##..
##.....####.[..$@$...........
##...## ###...o...8.8......
##### #####...[.....#
#########'########### #
..#...##.##...#....# ≈######
#.#...##.##...#.##'# ≈≈#≈#≈##
#.##'###.###'##.#... #≈≈≈≈P##
#....#...)......#.).
#≈≈≈...##
#....#.##)##....####


You could see an orc warrior.

Vanquished Creatures
  Gastronok (D:8)
  A hydra (D:10)
  A two-headed ogre (Orc:2)
  A nameless horror (D:11)
  2 orc high priests
  An orc knight (Orc:2)
  Pikel (D:4)
  5 orc sorcerers
  A cyclops (D:11)
  A gargoyle (D:10)
  A centaur skeleton (D:11)
  2 komodo dragons (D:11)
  4 trolls
  A hornet (D:10)
  2 hippogriffs
  2 dream sheep (D:10)
  Prince Ribbit (D:5)
  4 water elementals (D:11)
  2 wyverns (D:11)
  A wraith (D:11)
  6 yaks (D:10)
  Sigmund (D:5)
  2 hungry ghosts
  Edmund (D:6)
  Menkaure (D:6)
  2 swamp worms (D:10)
  5 wargs
  2 water moccasins
  A swamp drake (D:11)
  3 ice beasts
  8 sky beasts
  32 orc warriors
  2 phantoms
  4 slaves (D:4)
  3 necrophages
  A centaur (D:10)
  15 ogres
  3 crocodiles
  Blork the orc (D:6)
  4 big kobolds
  10 bullfrogs
  3 scorpions
  A wyvern skeleton (D:10)
  4 killer bees (D:11)
  2 howler monkeys
  5 crimson imps
  5 bullfrog zombies
  2 jellies
  4 hounds
  18 orc priests
  2 centaur zombies
  Crazy Yiuf (D:3)
  3 bullfrog skeletons
  15 orc wizards
  5 iguanas
  13 worker ants
  3 hound skeletons
  A worker ant zombie (D:8)
  15 adders
  4 shadow imps
  3 adder skeletons
  An adder zombie (D:8)
  2 worms
  6 dart slugs
  8 leopard geckos
  95 orcs
  2 ball pythons (D:3)
  3 giant cockroaches
  7 goblins
  3 hobgoblins
  11 jackals
  6 quokkas
  4 bats
  11 frilled lizards
  A jackal skeleton (D:6)
  4 kobolds
  A leopard gecko zombie (D:6)
  10 rats
  A fungus (D:3)
  A plant (D:10)
428 creatures vanquished.

Vanquished Creatures (collateral kills)
  A centaur (D:11)
1 creature vanquished.

Vanquished Creatures (others)
  A plant (D:10)
1 creature vanquished.

Grand Total: 430 creatures vanquished

Notes
Turn   | Place    | Note
-------+----------+-------------------------------------------
     0 | D:1      | Amnesiac the Vampire Ice Elementalist began the quest for
                  | the Orb.
     0 | D:1      | Reached XP level 1. HP: 13/13 MP: 3/3
   307 | D:1      | Reached XP level 2. HP: 19/19 MP: 0/5
   606 | D:2      | Found a shattered altar of Ashenzari.
   606 | D:2      | Found a faded altar of an unknown god.
   611 | D:2      | Found a faded altar of an unknown god.
   613 | D:2      | Found an ancient bone altar of Kikubaaqudgha.
   615 | D:2      | Found a snail-covered altar of Cheibriados.
   731 | D:4      | Noticed a scorpion
   746 | D:4      | Killed a scorpion
   746 | D:4      | Reached skill level 1 in Shields
   746 | D:4      | Reached skill level 5 in Ice Magic
   746 | D:4      | Reached XP level 3. HP: 24/24 MP: 4/7
   746 | D:4      | Reached XP level 4. HP: 30/30 MP: 4/8
   751 | D:4      | Learned a level 3 spell: Frozen Ramparts
   819 | D:4      | Found Qoure's Food Shop.
   938 | D:4      | Noticed a slave
   940 | D:4      | Noticed Pikel
   955 | D:4      | Killed a slave
   972 | D:4      | Killed Pikel
   972 | D:4      | Reached XP level 5. HP: 24/35 MP: 2/10
   972 | D:4      | Reached XP level 6. HP: 28/41 MP: 2/11
   972 | D:4      | Reached XP level 7. HP: 32/46 MP: 2/12
  1350 | D:5      | Entered Level 5 of the Dungeon
  1417 | D:5      | Noticed Prince Ribbit
  1430 | D:5      | Killed Prince Ribbit
  1543 | D:5      | Reached skill level 1 in Short Blades
  1543 | D:5      | Reached XP level 8. HP: 49/52 MP: 3/14
  1665 | D:5      | Found an opulent altar of Gozag.
  1665 | D:5      | Found a glowing silver altar of Zin.
  1679 | D:5      | Became a worshipper of Gozag Ym Sagoz the Greedy
  2201 | D:2      | Learned a level 3 spell: Ozocubu's Armour
  2206 | D:2      | Learned a level 4 spell: Hailstorm
  2211 | D:2      | Learned a level 4 spell: Summon Ice Beast
  2526 | D:3      | Found a shimmering blue altar of Sif Muna.
  2585 | D:3      | Found a runed translucent door.
  2586 | D:3      | Noticed Crazy Yiuf
  2595 | D:3      | Killed Crazy Yiuf
  2653 | D:3      | Found a stormy altar of Qazlal.
  2687 | D:3      | Found a glowing golden altar of the Shining One.
  2866 | D:3      | Found a faded altar of an unknown god.
  2921 | D:3      | Found a radiant altar of Vehumet.
  2929 | D:3      | Found a shadowy altar of Dithmenos.
  3326 | D:5      | Noticed Sigmund
  3388 | D:5      | Killed Sigmund
  3388 | D:5      | Reached skill level 5 in Short Blades
  3388 | D:5      | Reached skill level 5 in Stealth
  3564 | D:6      | Noticed Menkaure
  3573 | D:5      | Noticed a nameless horror
  3652 | D:6      | Noticed Blork the orc
  3803 | D:7      | Found a blossoming altar of Fedhas.
  4086 | D:7      | Reached XP level 9. HP: 57/57 MP: 11/15
  4199 | D:6      | Noticed Edmund
  4214 | D:6      | Killed Edmund
  4278 | D:6      | Killed Menkaure
  4581 | D:6      | Found a sacrificial altar of Ru.
  4645 | D:6      | Killed Blork the orc
  4897 | D:6      | Found a staircase to the Ecumenical Temple.
  5163 | D:7      | Reached skill level 3 in Dodging
  5178 | D:7      | Reached skill level 1 in Fighting
  5280 | D:7      | Reached skill level 4 in Dodging
  5595 | D:8      | Found a white marble altar of Elyvilon.
  5623 | D:8      | Reached skill level 5 in Dodging
  5856 | D:8      | Got a brightly glowing war axe
  5914 | D:8      | Reached skill level 6 in Dodging
  5938 | D:8      | Identified the +5 war axe of Peppel {flame, *Slow Str+4
                  | Int+3} (You found it on level 8 of the Dungeon)
  6031 | D:8      | Reached XP level 10. HP: 67/70 MP: 10/16
  6102 | D:8      | Noticed Gastronok
  6140 | D:8      | Killed Gastronok
  6140 | D:8      | Reached skill level 9 in Dodging
  6562 | D:9      | Reached skill level 5 in Spellcasting
  6583 | D:9      | Learned a level 3 spell: Spectral Weapon
  6590 | D:9      | Reached skill level 10 in Dodging
  7338 | D:10     | Entered Level 10 of the Dungeon
  7391 | D:10     | Reached XP level 11. HP: 64/77 MP: 2/18
  7471 | D:10     | Reached skill level 11 in Dodging
  7482 | D:10     | Found a staircase to the Orcish Mines.
  8248 | D:10     | Reached skill level 1 in Evocations
  8321 | D:10     | Reached skill level 5 in Shields
  8597 | D:10     | Noticed a two-headed hydra
  8608 | D:10     | Killed a two-headed hydra
  8608 | D:10     | Reached skill level 12 in Dodging
  9099 | D:11     | Found a staircase to the Lair.
  9238 | D:11     | Found Bailiape's Weapon Emporium.
  9308 | D:11     | Noticed a nameless horror
  9336 | D:11     | Killed a nameless horror
 10406 | Orc:1    | Entered Level 1 of the Orcish Mines
 10406 | Orc:1    | Noticed an orc sorcerer
 10407 | Orc:1    | Noticed an orc high priest
 10474 | D:10     | Reached XP level 12. HP: 61/83 MP: 16/20
 10791 | D:10     | Killed an orc high priest
 11133 | Orc:1    | Reached skill level 10 in Ice Magic
 11315 | Orc:2    | Entered Level 2 of the Orcish Mines
 11342 | Orc:2    | Noticed a two-headed ogre
 11378 | Orc:2    | Killed a two-headed ogre
 11824 | Orc:2    | Reached skill level 13 in Dodging
 12206 | Orc:2    | Found a staircase to the Elven Halls.
 12392 | Orc:2    | Noticed an orc high priest
 12411 | Orc:2    | Killed an orc high priest
 12465 | Orc:2    | Paralysed by an orc sorcerer for 6 turns
 12467 | Orc:2    | HP: 4/83 [orc warrior/+0 mace (20)]
 12468 | Orc:2    | Slain by an orc warrior

Levels and vault maps discovered:
D:1:      dpeg_arrival_stone_temple_mockup, layout_basic
D:2:      layout_rooms, chequers_temple_overflow_minitemple, minmay_misc_feat_x,
          small_statue_intersection
D:3:      layout_basic, overflow_temple_1_default,
          nicolae_overflow_hidden_temple, amethyst_overflow_temple_binary,
          overflow_temple_1_default, first_ration,
          chequers_ecumenical_altar_simple, uniq_crazy_yiuf_cottage
D:4:      layout_loops_ring, serial_shops, shop_coins, minmay_vboxes, uniq_pikel
D:5:      layout_basic, grunt_temple_overflow_gold_and_silver, uniq_sigmund,
          uniq_prince_ribbit1
D:6:      layout_loops_ring, kennysheep_mini, minmay_temple_entry_trees,
          uniq_menkaure, uniq_edmund, uniq_blork_the_orc
D:7:      layout_loops_ring, marbit_many_paths
D:8:      layout_basic, lemuel_round_altar, uniq_gastronok
D:9:      layout_loops_cross, minmay_lizard_king
D:10:     layout_layer_cave, orc_0_dummy, hangedman_ranch
          [blue_anna_fruit_fields], worms_lemuel
D:11:     kennysheep_spiral_hall, layout_long_grid, erik_lair_dragon,
          serial_shops, shop_fountains, nicolae_underground_beach
Orc:1:    layout_caves
Orc:2:    pubby_orc_utopia

Skill      XL: |  1  2  3  4  5  6  7  8  9 10 11 12 |
---------------+-------------------------------------+-----
Shields        | 1 3 4 5 |  5.0
Ice Magic      | 5 6 8 9 11 | 11.6
Spellcasting   | 3 4 5 7 |  7.6
Short Blades   | 1 6 8 |  8.0
Stealth        | 6 8 |  8.0
Dodging        | 6 10 12 13 | 13.0
Fighting       | 3 4 |  4.0
Evocations     | 4 |  4.0

Action                   |  1- 3 |  4- 6 |  7- 9 | 10-12 || total
-------------------------+-------+-------+-------+-------++-------
Melee: Unarmed           |     5 |       |       |       ||     5
       Spear             |    11 |       |       |       ||    11
       Bite              |     1 |       |    46 |    54 ||   101
       Dagger            |     6 |     4 |   419 |   481 ||   910
       War axe           |       |       |    10 |     8 ||    18
Throw: Dart              |     3 |    11 |     1 |     8 ||    23
 Cast: Freeze            |    25 |     6 |   130 |   314 ||   475
       Frozen Ramparts   |       |     3 |    45 |    80 ||   128
       Summon Ice Beast  |       |       |     4 |     3 ||     7
       Hailstorm         |       |       |     5 |     8 ||    13
       Ozocubu's Armour  |       |       |     1 |     1 ||     2
       Spectral Weapon   |       |       |       |     2 ||     2
Evoke: Wand              |       |       |       |     8 ||     8
  Use: Scroll            |     4 |     2 |     1 |    16 ||    23
       Potion            |       |       |       |     4 ||     4
 Stab: Sleeping          |     1 |       |    15 |    21 ||    37
       Distracted        |       |       |     7 |     4 ||    11
       Confused          |       |       |       |     1 ||     1
Armor: Robe              |     5 |       |    63 |    22 ||    90
       Leather armour    |       |       |       |    66 ||    66
Dodge: Dodged            |    16 |     7 |   207 |   413 ||   643
Block: Buckler           |     2 |     1 |    89 |   160 ||   252

Table legend:
 A = Non-vault XP
 B = Vault XP
 C = Vault XP percentage of total XP
 D = Non-vault monster count
 E = Vault monster count
 F = Vault count percentage of total count
                 A         B        C        D         E       F
            +---------+---------+-------+---------+---------+-------
      Total |   16589 |   18087 |  52.2 |     283 |     139 |  32.9
            +---------+---------+-------+---------+---------+-------
        D:1 |      36 |       0 |   0.0 |      19 |       0 |   0.0
        D:2 |      32 |       0 |   0.0 |      11 |       0 |   0.0
        D:3 |     152 |      41 |  21.2 |      32 |       1 |   3.0
        D:4 |     201 |     706 |  77.8 |      10 |       6 |  37.5
        D:5 |     836 |     443 |  34.6 |      19 |       2 |   9.5
        D:6 |     481 |     446 |  48.1 |      22 |       3 |  12.0
        D:7 |    1036 |      13 |   1.2 |      27 |       1 |   3.6
        D:8 |    1613 |    2213 |  57.8 |      24 |       1 |   4.0
        D:9 |    1821 |     119 |   6.1 |      30 |       7 |  18.9
       D:10 |    6389 |    2479 |  28.0 |      40 |      10 |  20.0
       D:11 |    2102 |    2802 |  57.1 |      26 |      14 |  35.0
      Orc:1 |    1890 |       0 |   0.0 |      23 |       0 |   0.0
      Orc:2 |       0 |    8825 | 100.0 |       0 |      94 | 100.0
            +---------+---------+-------+---------+---------+-------
